 Dungeon Crawl Stone Soup version 0.31-a0-1620-gcbf77bbcfc (webtiles) character file.

Game seed: 11826766274704188491

33 Flugslaktarn the Trooper (level 3, -1/33 HPs)
             Began as a Minotaur Fighter on Jan 11, 2024.
             Slain by a +0 spectral club (4 damage)
             ... created by Robin
             ... on level 2 of the Dungeon.
             The game lasted 00:00:29 (640 turns).

Flugslaktarn the Trooper (Minotaur Fighter)          Turns: 640, Time: 00:00:29

Health: -1/33      AC:  7    Str: 22    XL:     3   Next: 12%
Magic:  2/2        EV:  9    Int:  5    God:
Gold:   52         SH:  4    Dex:  9    Spells: 2/2 levels left

rFire   . . .        a - +0 war axe
rCold   + . .        g - +0 buckler
rNeg    . . .        b - +0 scale mail
rPois   .            (helmet restricted)
rElec   .            (no cloak)
rCorr   .            (no gloves)
SInv    .            (no boots)
Will    .....        (no amulet) Stlth
                     c - ring of protection from cold
HPRegen 0.25/turn    (no ring)
MPRegen 0.08/turn

%: no passive effects
@: mighty
A: horns 2, retaliatory headbutt
a: no special abilities


You were on level 2 of the Dungeon.
You visited 1 branch of the dungeon, and saw 2 of its levels.

You collected 52 gold pieces.

Inventory:

Hand Weapons
 a - a +0 war axe (weapon)
Armour
 b - a +0 scale mail (worn)
 g - a +0 buckler (worn)
Jewellery
 c - a ring of protection from cold (left hand)
   (You found it on level 1 of the Dungeon)
Scrolls
 e - a scroll of immolation {unknown}
 f - a scroll of fear {unknown}
 h - a scroll of identify {unknown}
Potions
 i - a potion of degeneration {unknown}


   Skills:
 * Level 4.2 Fighting
 * Level 3.2 Axes
 + Level 3.9 Armour
 + Level 3.9 Shields


You had 2 spell levels left.
You didn't know any spells.
Your spell library contained the following spells:

 Spells                   Type           Power      Damage    Failure   Level
 Freeze                   Ice            0%         1d3       86%         1
 Frozen Ramparts          Ice            0%         1d1       99%         3
 Hailstorm                Conj/Ice       0%         3d5       99%         3


Dungeon Overview and Level Annotations

Branches:
Dungeon (2/15)

Altars:

Annotations:
D:2 Robin


Innate Abilities, Weirdness & Mutations

You have a pair of horns on your head.
You reflexively headbutt those who attack you in melee.


Message History

A nearby plant withers and dies.
There is a stone staircase leading down here.
You climb downwards.
There is a stone staircase leading up here.
Found a stone staircase leading up.
Found an escape hatch in the floor.
i - a purple potion No target in view!
No target in view!
No target in view!
A hobgoblin comes into view.
A hobgoblin is nearby!
A hobgoblin is nearby!
A hobgoblin is nearby!
A goblin comes into view. It is wielding a +0 club.
Found a scroll labelled UDOTAI SOAZEU.
The goblin shouts!
You hear a shout!
There is an escape hatch in the floor here.
A goblin comes into view. It is wielding a +0 club.
Found a stone staircase leading down.
The goblin shouts!
You hear a shout! x3
A hobgoblin comes into view.
You hear a shout!
Robin of the Strong Arm comes into view.
They are wielding a +0 spectral club.
Robin shouts!
Robin roars a battlecry!
The goblins go into a battle-frenzy!
The hobgoblin hits you.
You hit the hobgoblin. You headbutt the hobgoblin.
The hobgoblin is heavily wounded.
Robin roars a battlecry!
The hobgoblin hits you.
You barely miss the hobgoblin. You headbutt the hobgoblin.
You kill the hobgoblin!
A hobgoblin comes into view.
You have reached level 3!
Your experience leads to an increase in your attributes!
Increase (s)trength, (i)ntelligence, or (d)exterity?
You feel stronger. x2
You block the goblin's attack.
You closely miss the goblin.
The hobgoblin shouts!
You hit the goblin.
A bat comes into view.
You block the goblin's attack. x2; The bat moves out of view.
Robin roars a battlecry!
You hear a shout!
You closely miss the goblin.
The goblin is moderately wounded.
The goblin hits you with a +0 club.
You barely miss the goblin. You headbutt the goblin.
You kill the goblin!
You barely miss the goblin. The goblin closely misses you.
A goblin comes into view. It is wielding a +0 dagger.
The hobgoblin hits you. The goblin completely misses you.
You hit the hobgoblin.
The hobgoblin is almost dead.
You closely miss the goblin.
A goblin comes into view. It is wielding a +0 club.
A goblin comes into view. It is wielding a +0 dagger.
A ribbon worm comes into view.
The hobgoblin hits you. The goblin hits you but does no damage.
A hobgoblin comes into view.
The hobgoblin shouts!
You slash the hobgoblin!
You kill the hobgoblin!
You closely miss the goblin. The goblin hits you with a +0 club.
A hobgoblin comes into view.
A goblin comes into view. It is wielding a +0 dagger.
You closely miss the goblin.
The goblin shouts!
The goblin closely misses you. Robin hits you but does no damage.
The +0 spectral club hits you. The hobgoblin hits you.
* * * LOW HITPOINT WARNING * * *
The goblin closely misses you.
A +0 spectral club comes into view.
You are too injured to fight recklessly!
You are too injured to fight recklessly!
You are too injured to fight recklessly!
You are too injured to fight recklessly!
You are too injured to fight recklessly!
You are too injured to fight recklessly!
You closely miss Robin. You hit the hobgoblin.
You barely miss the +0 spectral club. You hit the goblin but do no damage.
The hobgoblin no longer looks unusually strong.
Robin hits you with a +0 spectral club.
* * * LOW HITPOINT WARNING * * *
The +0 spectral club hits you.
* * * LOW HITPOINT WARNING * * *
The goblin hits you but does no damage. The hobgoblin completely misses you.
You furiously retaliate!
You headbutt the hobgoblin!
You kill the hobgoblin!
Press: ? - help, v - describe, . - travel
Here: Robin, wielding a +0 spectral club, wearing a +0 animal skin and wearing a +0 helmet The floor.
Unknown command.
Okay, then.
You feel very mighty all of a sudden. The +0 spectral club hits you.
You die...

..>......... ...
#.?.......#.#...
#.........#.b....
#....<.#........
#.gg#g..........
#####...g..........
##..................
#.......#gg.$.....##
##......g@.>........
#..#.w..#(.........#
#.###
#.....#.....#..#..
#.....#.#.......###
...# #..<....#.###
#.. ##........#
......#.#..#
###.##....... ...
#......##


You could see a +0 spectral club, a ribbon worm, Robin, 2 hobgoblins, 4 goblins
and a bat.

Vanquished Creatures
  5 bats (D:1)
  A giant cockroach (D:1)
  5 goblins
  4 hobgoblins
  3 jackals (D:1)
  A quokka (D:1)
  6 ball pythons (D:1)
  3 frilled lizards (D:1)
  3 rats (D:1)
31 creatures vanquished.

Notes
Turn   | Place    | Note
-------+----------+-------------------------------------------
     0 | D:1      | Flugslaktarn the Minotaur Fighter began the quest for the
                  | Orb.
     0 | D:1      | Reached XP level 1. HP: 19/19 MP: 0/0
   111 | D:1      | Reached XP level 2. HP: 27/27 MP: 1/1
   145 | D:1      | Reached skill level 4 in Fighting
   312 | D:1      | Found a faded altar of an unknown god.
   628 | D:2      | Noticed Robin
   631 | D:2      | Reached XP level 3. HP: 29/33 MP: 2/2
   640 | D:2      | Slain by a +0 spectral club

Illustrated notes

Levels and vault maps discovered:
D:1:      beargit_arrival_diablo_church, layout_rooms,
          dreamdust_ecumenical_altar_grove
D:2:      layout_rooms, fountainhead, minmay_misc_feat_iff, uniq_robin

Skill      XL: |  1  2 |
---------------+-------+-----
Fighting       | 4 |  4.2
Axes           | 3 |  3.2
Armour         | |  3.9
Shields        | |  3.9

Action                     || total
---------------------------++-------
  Melee: War axe           ||    52
         Headbutt          ||     4
    Use: Potion            ||     1
 Armour: Scale mail        ||    54
  Dodge: Dodged            ||    40
  Block: Buckler           ||    22

Table legend: (Time is in decaauts)
 A = Elapsed time spent in this place.
 B = Non-inter-level travel time spent in this place.
 C = Inter-level travel time spent in this place.
 D = Time resting spent in this place.
 E = Time spent auto-exploring this place.
 F = Levels seen in this place.
 G = Mean time per level.
                   A        B        C        D        E       F      G
               +--------+--------+--------+--------+--------+-----+--------+
         Total |    659 |    638 |     21 |      0 |    498 |   2 |  329.5 |
       Dungeon |    659 |    638 |     21 |      0 |    498 |   2 |  329.5 |
               +--------+--------+--------+--------+--------+-----+--------+

Top non-repeatable levels by time:
     D:1: 628 daAuts
     D:2: 31 daAuts
